 Dungeon Crawl Stone Soup version 0.23.2 (webtiles) character file.

Game seed: 15077711320928916131

89740 Gargoyl the Cleaver (level 15, 0/88 HPs)
             Began as a Centaur Abyssal Knight on Apr 2, 2019.
             Was a High Priest of Lugonu.
             Slain by a wraith (5 damage)
             ... led by a death knight
             ... on level 15 of the Dungeon.
             The game lasted 00:49:23 (30148 turns).

Gargoyl the Cleaver (Centaur Abyssal Knight)       Turns: 30148, Time: 00:49:24

Health: 0/88       AC: 30    Str: 28      XL:     15   Next: 50%
Magic:  16/17      EV:  7    Int:  9 (10) God:    Lugonu [*****.]
Gold:   1127       SH:  0    Dex:  6 (8)  Spells: 14/14 levels left

rFire    . . .     SeeInvis +   C - +2 executioner's axe (vamp)
rCold    . . .     Gourm    .   (shield currently unavailable)
rNeg     . . .     Faith    .   I - +4 chain mail of Sorcery {Int+3 SInv}
rPois    .         Spirit   .   i - +2 hat
rElec    .         Reflect  .   o - +2 cloak
rCorr    .         Harm     .   z - +2 pair of gloves {archery}
MR       ++...     Rnd*Rage +   N - +0 centaur barding "Ceacici" {MR+ Str+4} Stlth ..........Rnd*Tele +
                                J - amulet of regeneration
HPRegen  0.00/turn              m - +6 ring of strength
MPRegen  0.15/turn              P - +4 ring of strength

@: very quick
A: large, hooves 3, [berserk 3], [blurry vision 3], [clumsy 2], deformed body,
[deterioration 2], [dopey 2], speed 2, [frail 3], [low mp 3], [screaming 3],
[inhibited regeneration], [teleportitis 2], tough skin 3, [weak 2], [no potion
heal 3], [subdued magic 3]
a: Depart the Abyss, Bend Space, Banish, Corrupt, Enter the Abyss, Renounce
Religion


You were on level 15 of the Dungeon.
You worshipped Lugonu.
Lugonu was extremely pleased with you.
You were not hungry.

You visited 2 branches of the dungeon, and saw 21 of its levels.
You visited the Abyss 2 times.
You also visited: Sewer and Ice Cave.

You collected 1897 gold pieces.
You spent 770 gold pieces at shops.

Inventory:

Hand Weapons
 a - a +3 hand axe
 w - a +4 hand axe of electrocution
 C - a +2 vampiric executioner's axe (weapon)
 Q - a +2 war axe of venom
Missiles
 l - 5 javelins (quivered)
Armour
 i - a +2 hat (worn)
 o - a +2 cloak (worn)
 y - a +2 centaur barding of fire resistance
 z - a +2 pair of gloves of archery (worn)
 I - the +4 chain mail of Sorcery (worn) {Int+3 SInv}
   (You bought it in a shop on level 8 of the Dungeon)

   It affects your intelligence (+3).
   It lets you see invisible.
 N - the +0 centaur barding "Ceacici" (worn) {MR+ Str+4}
   (You acquired it on level 6 of the Lair of Beasts)

   It affects your strength (+4).
   It affects your resistance to hostile enchantments.
Jewellery
 m - a +6 ring of strength (left hand)
 q - an uncursed ring of resist corrosion
 x - an uncursed ring of poison resistance
 J - an amulet of regeneration (around neck)
 P - a +4 ring of strength (right hand)
 S - an uncursed ring of protection from cold
 T - an uncursed amulet of faith {unknown}
 V - an uncursed ring of protection from cold
Wands
 h - a wand of paralysis (12)
 H - a wand of iceblast (5)
 X - a wand of digging (4)
Scrolls
 d - 14 scrolls of remove curse
 e - a scroll of enchant weapon
 f - a scroll of enchant armour
 j - 4 scrolls of fog
 t - 7 scrolls of teleportation
 v - 6 scrolls of amnesia
 B - 5 scrolls of fear
 G - a scroll of silence
 K - a scroll of magic mapping
 L - a scroll of identify
 R - 2 scrolls of torment
Potions
 b - 2 potions of ambrosia
 g - 2 potions of resistance
 k - 2 potions of brilliance
 n - 2 potions of haste
 p - 2 potions of agility
 r - 9 potions of curing
 s - 7 potions of flight
 u - 2 potions of magic
 M - 2 potions of might
 W - a potion of lignification {unknown}
Miscellaneous
 A - a lightning rod (4/4)
Comestibles
 c - 40 rations


   Skills:
 + Level 10.1 Fighting
 + Level 13.3 Axes
 + Level 2.1 Throwing
 * Level 12.2 Armour
 * Level 8.3 Dodging
 * Level 12.4 Invocations
 + Level 0.5 Evocations


You had 14 spell levels left.
You didn't know any spells.
Your spell library contained the following spells:

 Spells                   Type           Power        Failure   Level  Hunger
 Confusing Touch          Hex            #.....       75%         1    ##.....
 Corona                   Hex            #......      75%         1    ##.....
 Infusion                 Chrm           #...         75%         1    ##.....
 Sting                    Conj/Pois      #...         75%         1    ##.....
 Poisonous Vapours        Pois/Air       #.....       88%         2    ###....
 Shroud of Golubria       Chrm/Tloc      #.........   88%         2    ###....
 Slow                     Hex            #.......     88%         2    ###....
 Song of Slaying          Chrm           #.......     88%         2    ###....
 Confuse                  Hex            #.......     98%         3    ####...
 Gell's Gravitas          Tloc           #.........   98%         3    ####...
 Ignite Poison            Fire/Tmut/Pois #.......     98%         3    ####...
 Inner Flame              Hex/Fire       #.......     98%         3    ####...
 Mephitic Cloud           Conj/Pois/Air  #.......     98%         3    ####...
 Portal Projectile        Hex/Tloc       #.....       98%         3    ####...
 Regeneration             Chrm/Necr      #.........   98%         3    ####...
 Spectral Weapon          Hex/Chrm       #.......     98%         3    ####...
 Cause Fear               Hex            #.........   100%        4    #####..
 Leda's Liquefaction      Hex/Erth       #.........   100%        4    #####..
 Olgreb's Toxic Radiance  Pois           #.......     100%        4    #####..
 Petrify                  Tmut/Erth      #.......     100%        4    #####..
 Fireball                 Conj/Fire      #.........   100%        5    ######.
 Metabolic Englaciation   Hex/Ice        #.........   100%        5    ######.
 Silence                  Hex/Air        #.........   100%        5    ######.
 Venom Bolt               Conj/Pois      #.........   100%        5    ######.
 Yara's Violent Unravell  Hex/Tmut       #.........   100%        5    ######.
 Bolt of Fire             Conj/Fire      #.........   100%        6    #######
 Deflect Missiles         Chrm/Air       #.........   100%        6    #######
 Malign Gateway           Summ/Tloc      #.........   100%        7    #######
 Monstrous Menagerie      Summ           #.........   100%        7    #######
 Ring of Flames           Chrm/Fire      #.........   100%        7    #######
 Summon Greater Demon     Summ           #.........   100%        7    #######
 Discord                  Hex            #.........   100%        8    #######
 Ignition                 Fire           #.........   100%        8    #######
 Summon Horrible Things   Summ           #.........   100%        8    #######


Dungeon Overview and Level Annotations

Branches:
Dungeon (15/15)            Temple (0/1) D:5            Lair (6/6) D:8
 Shoals (0/4) Lair:3        Snake (0/4) Lair:2        Slime (0/5) Lair:5
    Orc (0/2) D:9          Vaults (0/5) D:13
 Depths: D:15

Altars:
Dithmenos
Nemelex Xobeh
Ru
Vehumet
Wu Jian
Xom
Jiyva

Shops:
D:5 (   D:8 [   D:9 !   D:14 (?%

Annotations:
Lair:5 exclusion: 2 oklob plants, Sonja


Innate Abilities, Weirdness & Mutations

You have hooves in place of feet.
Armour fits poorly on your strangely shaped body.
You cover ground very quickly.
You have extremely tough skin. (AC +3)
[You have an uncontrollable temper.]
[Scrolls take you much longer to read.]
[You are very clumsy. (Dex -4)]
[Your body often deteriorates upon taking damage.]
[You are very dopey. (Int -4)]
[You are extremely frail. (-30% HP)]
[Your magical capacity is extremely low. (-30% MP)]
[You frequently scream uncontrollably at your foes.]
[You do not regenerate when monsters are visible.]
[You are sometimes teleported next to monsters.]
[You are very weak. (Str -4)]
[Potions cannot restore your health.]
[Your spells are much easier to cast, but much less powerful.]


Message History

The raiju bites you!
* * * LOW HITPOINT WARNING * * *
The raiju shocks you!
* * * LOW HITPOINT WARNING * * *
Okay, then.
You pass through the gate.
Welcome back to the Dungeon!
Lugonu is no longer ready to corrupt your weapon.
The hound barks!
The phantasmal warrior blinks!
The wraith hits you but does no damage. The death knight barely misses you.
The manticore flicks its tail.
The volley of spikes hits you but does no damage.
The phantasmal warrior closely misses you.
The wraith barely misses you.
The phantasmal warrior blinks!
Your system rejects the healing.
You feel better.
The death knight hits you but does no damage.
The phantasmal warrior barely misses you.
The wraith hits you.
You die...

#..# #.#......# ...#
#.##.#...# ###.#
#.##.# ..#
.####+###.##.######.#
........# ##.........
...W....#<##........#
......§.#.##§####+###
......Wh(....#
..#@#.#### #pW.#
...### ###.# ..# ..#
..# ....


You could see a death knight, 2 phantasmal warriors, a wraith and a hound.

Vanquished Creatures
  Rupert (D:13)
  Gastronok (Lair:3)
  The ghost of Moanuh the Cruncher, a journeyman GnWn of Uskayaw (Lair:6)
  The ghost of KamiKatze the Markscentaur, a journeyman CeHu of Okawaru (D:13)
  A dire elephant (Lair:6)
  Josephine (Lair:6)
  An ettin (D:13)
  An ice dragon (Lair:6)
  4 centaur warriors
  A catoblepas (Lair:2)
  6 two-headed ogres
  5 death yaks (Lair:6)
  A tengu warrior (D:14)
  A deep elf knight (D:12)
  A skeletal warrior (D:13)
  An unseen horror (D:10)
  A wolf spider zombie (D:7)
  A lindwurm (Lair:6)
  A wizard (D:13)
  A large abomination (Abyss:1)
  Pikel (D:4)
  A harpy (shapeshifter) (D:13)
  9 ugly things
  2 manticores
  A deep elf mage (D:13)
  2 cyclopes
  18 elephants
  A merfolk siren (Lair:3)
  2 centaur zombies
  A guardian serpent (shapeshifter) (D:12)
  Joseph (D:10)
  5 torpor snails
  2 gargoyles (D:13)
  7 spiny frogs
  5 kobold demonologists
  2 rime drakes
  9 komodo dragons
  A freezing wraith (D:12)
  A tengu conjurer (D:14)
  11 polar bears
  4 tyrant leeches
  7 trolls
  6 hornets
  A slime creature (D:12)
  Grinder (D:4)
  A harpy skeleton (D:13)
  11 hippogriffs
  3 raiju (Lair:6)
  7 blink frogs
  14 dream sheep
  2 shadows
  2 basilisks
  A vampire (D:12)
  A ynoxinul (Abyss:1)
  3 wyverns
  31 yaks
  8 wraiths
  Grum (D:8)
  4 hungry ghosts
  5 golden eyes (Abyss:1)
  9 vampire mosquitoes
  6 wargs
  A soldier ant (D:13)
  4 acid dragons
  14 water moccasins
  7 porcupines
  14 hell hounds (Lair:6)
  13 black bears
  A hornet zombie (D:10)
  6 orc warriors
  2 sky beasts
  11 ice beasts
  9 ogres
  2 eyes of draining
  4 necrophages
  3 phantoms
  24 wolves
  12 centaurs
  10 big kobolds
  12 crocodiles
  13 bullfrogs
  6 scorpions
  A wyvern skeleton (D:13)
  7 wights
  An electric eel (D:8)
  6 howler monkeys
  13 crimson imps
  A bullfrog zombie (D:10)
  A quasit (Abyss:1)
  3 bullfrog skeletons
  8 orc priests
  A wyvern simulacrum (D:14)
  Crazy Yiuf (D:7)
  9 hounds
  7 jellies
  13 orc wizards
  3 centaur skeletons
  2 iguanas (D:10)
  7 hell rats (Lair:6)
  5 worker ants
  A statue (D:9)
  2 hound skeletons
  3 worker ant zombies
  8 gnolls
  A howler monkey skeleton (D:5)
  17 adders
  3 shadow imps
  12 white imps (Lair:2)
  13 oozes
  An adder zombie (D:9)
  An adder skeleton (D:8)
  6 worms
  A dart slug (D:1)
  7 leopard geckos
  64 orcs
  8 ball pythons
  5 bats
  11 giant cockroaches
  18 goblins
  9 hobgoblins
  18 jackals
  5 quokkas
  7 frilled lizards
  A jackal zombie (D:6)
  32 kobolds
  A leopard gecko zombie (D:5)
  15 rats
  6 fungi
  6 plants
781 creatures vanquished.

Vanquished Creatures (others)
  9 hydras
  An electric eel (D:8)
  A centaur skeleton (D:4)
  An adder skeleton (D:4)
  16 fungi
  45 plants
73 creatures vanquished.

Grand Total: 854 creatures vanquished

Notes
Turn   | Place    | Note
-------+----------+-------------------------------------------
     0 | Abyss:1  | Gargoyl the Centaur Abyssal Knight began the quest for the
                  | Orb.
     0 | Abyss:1  | Reached XP level 1. HP: 19/19 MP: 2/2
    56 | Abyss:2  | Noticed a ynoxinul
    66 | D:1      | Escaped the Abyss
   174 | D:1      | Reached XP level 2. HP: 21/26 MP: 3/3
   189 | D:1      | Reached * piety under Lugonu
   239 | D:1      | Reached skill level 2 in Axes
   321 | D:1      | Reached skill level 1 in Dodging
   420 | D:1      | Reached XP level 3. HP: 31/31 MP: 4/4
   700 | D:2      | Found a sparkling altar of Nemelex Xobeh.
  1045 | D:2      | Reached XP level 4. HP: 32/38 MP: 5/5
  1185 | D:2      | Reached ** piety under Lugonu
  2096 | D:3      | Reached skill level 3 in Axes
  2150 | D:3      | Reached XP level 5. HP: 40/46 MP: 7/7
  2551 | D:3      | Found a shimmering altar of Xom.
  2631 | D:3      | Reached XP level 6. HP: 51/52 MP: 8/8
  2975 | D:4      | Reached *** piety under Lugonu
  2987 | D:4      | Found a glowing drain.
  2997 | Sewer    | Entered a sewer
  3099 | Sewer    | Reached skill level 4 in Axes
  3258 | Sewer    | Reached XP level 7. HP: 58/59 MP: 9/9
  3394 | D:4      | Noticed Pikel
  3415 | D:4      | Killed Pikel
  3415 | D:4      | Reached skill level 5 in Axes
  3798 | D:4      | Found a sacrificial altar of Ru.
  3814 | D:4      | Noticed a hippogriff
  3843 | D:4      | Killed a hippogriff
  3843 | D:4      | Reached XP level 8. HP: 28/67 MP: 11/11
  3862 | D:4      | Reached **** piety under Lugonu
  4125 | D:4      | Noticed Grinder
  4133 | D:4      | Paralysed by Grinder for 3 turns
  4146 | D:4      | Killed Grinder
  4414 | D:4      | Found a shadowy altar of Dithmenos.
  4656 | D:5      | Entered Level 5 of the Dungeon
  5341 | D:5      | Reached skill level 6 in Axes
  5341 | D:5      | Reached skill level 5 in Invocations
  5673 | D:5      | Found a staircase to the Ecumenical Temple.
  5765 | D:5      | Reached skill level 5 in Armour
  6130 | D:5      | Reached XP level 9. HP: 49/73 MP: 12/12
  6260 | D:5      | Found Weufuoph's Weapon Shoppe.
  6378 | D:6      | Reached skill level 5 in Fighting
  7897 | D:7      | Noticed a kobold demonologist
  7911 | D:7      | Noticed a hellwing
  7917 | D:7      | Killed a kobold demonologist
  7917 | D:7      | Reached skill level 7 in Axes
  8155 | D:7      | Got a faintly glowing lapis lazuli ring
  8413 | D:7      | Found a runed translucent door.
  8416 | D:7      | Noticed Crazy Yiuf
  8422 | D:7      | Killed Crazy Yiuf
  9091 | D:8      | Noticed Grum
  9121 | D:6      | Reached XP level 10. HP: 33/82 MP: 14/14
 10231 | D:8      | Identified the cursed ring of Biapref {+Inv rC++ MR+ AC-2
                  | Dex-2} (You found it on level 7 of the Dungeon)
 10425 | D:8      | Reached ***** piety under Lugonu
 10590 | D:8      | Killed Grum
 10882 | D:8      | Found a staircase to the Lair.
 11093 | D:8      | Found Wehiru's Armour Emporium.
 11163 | D:8      | Noticed a two-headed ogre
 11182 | D:8      | Killed a two-headed ogre
 11793 | D:8      | Found an ornate altar of the Wu Jian Council.
 11880 | D:8      | You fall through a shaft!
 11894 | D:9      | Found Xenun's Distillery.
 11946 | D:9      | Reached skill level 1 in Throwing
 11972 | D:9      | Found a staircase to the Orcish Mines.
 11982 | D:9      | Reached skill level 8 in Axes
 12497 | D:9      | Reached XP level 11. HP: 91/91 MP: 16/16
 12502 | D:9      | Found a radiant altar of Vehumet.
 12857 | Lair:1   | Entered Level 1 of the Lair of Beasts
 12925 | Lair:1   | Noticed a six-headed hydra
 12936 | Lair:1   | Banished a six-headed hydra
 13329 | D:8      | Bought the +4 chain mail of Sorcery {Int+3 SInv} for 546
                  | gold pieces
 13747 | Lair:1   | Reached skill level 5 in Dodging
 14623 | Lair:2   | Found a staircase to the Snake Pit.
 14688 | Lair:2   | Got a smelly scale mail
 14691 | Lair:2   | Identified the +0 scale mail of the Moon {rElec rC+} (You
                  | found it on level 2 of the Lair of Beasts)
 14713 | Lair:2   | Found a frozen archway.
 14735 | IceCv    | Entered an ice cave
 14735 | IceCv    | Noticed a white ugly thing
 14744 | IceCv    | Killed a white ugly thing
 14747 | IceCv    | Found a transporter.
 14791 | IceCv    | Noticed a white ugly thing
 14792 | IceCv    | Found the +4 dagger "Morg" {pain, MR+ Int+5}
 14792 | IceCv    | Found a transporter.
 15044 | Lair:2   | Noticed a catoblepas
 15259 | Lair:2   | Killed a catoblepas
 15956 | Lair:2   | Reached skill level 9 in Axes
 16664 | Lair:3   | Noticed an eight-headed hydra
 16673 | Lair:3   | Banished an eight-headed hydra
 16807 | Lair:3   | Noticed a six-headed hydra
 16809 | Lair:3   | Banished a six-headed hydra
 16809 | Lair:3   | Reached XP level 12. HP: 100/100 MP: 13/18
 16954 | Lair:3   | Noticed Gastronok
 16987 | Lair:3   | Killed Gastronok
 17646 | Lair:3   | Found a staircase to the Shoals.
 18311 | Lair:4   | Noticed an eight-headed hydra
 18312 | Lair:4   | Banished an eight-headed hydra
 18571 | Lair:4   | Reached skill level 10 in Armour
 19275 | Lair:5   | Reached skill level 10 in Axes
 19794 | Lair:5   | You fall through a shaft!
 19794 | Lair:6   | Entered Level 6 of the Lair of Beasts
 19822 | Lair:6   | Reached XP level 13. HP: 80/107 MP: 20/20
 19944 | Lair:6   | Reached skill level 10 in Invocations
 20198 | Lair:6   | Noticed Josephine
 20553 | Lair:6   | Killed Josephine
 20659 | Lair:6   | Found a runed translucent gate.
 20659 | Lair:6   | Noticed Moanuh's ghost (journeyman GnWn)
 20660 | Lair:6   | Found a runed translucent gate.
 20661 | Lair:6   | Found a runed translucent gate.
 20862 | Lair:5   | Reached ****** piety under Lugonu
 20981 | Lair:6   | HP: 4/108 [eight-headed hydra (11)]
 21287 | Lair:6   | Reached skill level 11 in Axes
 21448 | Lair:5   | Noticed Sonja
 21607 | Lair:5   | Found a runed translucent door.
 21607 | Lair:5   | Found a viscous altar of Jiyva.
 21607 | Lair:5   | Found a staircase to the Slime Pits.
 22540 | Lair:6   | Found a runed translucent door.
 23027 | Lair:6   | Reached XP level 14. HP: 87/116 MP: 22/22
 24466 | Lair:6   | Killed Moanuh's ghost
 24531 | Lair:6   | Identified a scroll of acquirement
 24532 | Lair:6   | Got a faintly glowing centaur barding
 24538 | Lair:6   | Identified the +0 centaur barding "Ceacici" {MR+ Str+4}
                  | (You acquired it on level 6 of the Lair of Beasts)
 24963 | D:10     | Entered Level 10 of the Dungeon
 24990 | D:10     | Noticed Joseph
 25008 | D:10     | Killed Joseph
 25932 | D:11     | Reached skill level 12 in Axes
 27788 | D:13     | Reached XP level 15. HP: 125/125 MP: 24/24
 27871 | D:13     | Found a gate to the Vaults.
 28533 | D:13     | Found a runed translucent door.
 28534 | D:13     | Noticed KamiKatze's ghost (journeyman CeHu)
 28544 | D:13     | Killed KamiKatze's ghost
 28760 | D:14     | Reached skill level 13 in Axes
 28905 | D:14     | Found Gyusiz's Weapon Boutique.
 28956 | D:14     | Reached skill level 10 in Fighting
 29077 | D:14     | Found Puvveoz's Magic Scroll Shop.
 29083 | D:14     | Bought a scroll of enchant armour for 112 gold pieces
 29083 | D:14     | Bought a scroll of enchant weapon for 112 gold pieces
 29132 | D:14     | Found Vit Kinn's Food Emporium.
 29499 | D:15     | Entered Level 15 of the Dungeon
 29499 | D:15     | Noticed Rupert
 29752 | D:13     | Killed Rupert
 29946 | D:15     | HP: 5/125 [manticore/volley of spikes (13)]
 30147 | D:15     | Escaped the Abyss
 30148 | D:15     | Slain by a wraith

Skill      XL: |  1  2  3  4  5  6  7  8  9 10 11 12 13 14 15 |
---------------+----------------------------------------------+-----
Axes           | 2 3 4 5 6 7 8 9 10 11 12 13 | 13.3
Dodging        | 1 2 3 4 5 6 7 8 |  8.3
Armour         | 2 3 5 6 7 9 10 11 12 | 12.2
Invocations    | 3 4 5 6 7 8 9 11 12 | 12.4
Fighting       | 4 5 6 7 8 9 10 | 10.1
Throwing       | 1 2 |  2.1
Evocations     | |  0.5

Action                   |  1- 3 |  4- 6 |  7- 9 | 10-12 | 13-15 || total
-------------------------+-------+-------+-------+-------+-------++-------
Melee: Hand axe          |    96 |   180 |   305 |   656 |   715 ||  1952
       Kick              |    16 |    48 |    95 |   216 |   483 ||   858
       Executioner's axe |       |       |       |       |   600 ||   600
Throw: Javelin           |       |       |       |    10 |    17 ||    27
Invok: Depart the Abyss  |     1 |       |       |       |     1 ||     2
       Banish            |       |       |       |     8 |    10 ||    18
       Bend Space        |       |       |       |       |     4 ||     4
       Enter the Abyss   |       |       |       |       |     1 ||     1
Evoke: Wand              |       |       |       |     3 |    13 ||    16
  Use: Scroll            |     2 |     5 |     7 |    17 |     9 ||    40
       Potion            |       |     1 |     3 |     7 |     9 ||    20
  Eat: Chunk             |       |     6 |    12 |    29 |    16 ||    63
       Ration            |       |       |     1 |     4 |     8 ||    13
Armor: Chain mail        |    72 |   141 |   194 |   438 |  1289 ||  2134
Dodge: Dodged            |    24 |    68 |   148 |   254 |   681 ||  1175
